 Dungeon Crawl Stone Soup version 0.29.1-15-g9cfb28693d (webtiles) character file.

Game seed: 14827956459665531585

1803 cdecastro the Grappler (level 9, -8/81 HPs)
             Began as a Ghoul Fighter on Mar 27, 2023.
             Was a Believer of Okawaru.
             Mangled by an unseen horror (9 damage)
             ... on level 7 of the Dungeon on Mar 31, 2023.
             The game lasted 00:10:35 (6922 turns).

cdecastro the Grappler (Ghoul Fighter)              Turns: 6922, Time: 00:10:36

Health: -8/81      AC: 15    Str: 24    XL:     9   Next: 9%
Magic:  10/10      EV:  6    Int:  3    God:    Okawaru [**....]
Gold:   301        SH:  0    Dex:  8    Spells: 8/8 levels left

rFire   . . .      SeeInvis .     - Unarmed
rCold   + . .      Faith    .   (no shield)
rNeg    + + +      Spirit   .   D - +0 plate armour
rPois   ∞          Reflect  .   (no helmet)
rElec   .          Harm     .   (no cloak)
rCorr   .          Rampage  .   (no gloves)
Will    .....                   (no boots)
Stlth   ..........              (no amulet)
HPRegen 0.00/turn               y - +4 ring of protection
MPRegen 0.12/turn               (no ring)

@: inhibited regen, studying Hexes
A: claws 1, cold resistance 1, negative energy resistance 3, inhibited
regeneration, torment resistance 2, devour on kill
a: Renounce Religion, Heroism


You were on level 7 of the Dungeon.
You worshipped Okawaru.
Okawaru was pleased with you.
You visited 2 branches of the dungeon, and saw 8 of its levels.

You collected 301 gold pieces.

Inventory:

Missiles
 q - 16 poisoned darts (quivered)
 B - 6 atropa-tipped darts
 G - a boomerang
Armour
 a - a +0 scale mail
 b - a +0 buckler
 o - a +0 chain mail
 p - a +0 pair of gloves
 C - +0 steam dragon scales
 D - a +0 plate armour (worn)
Magical Staves
 F - a staff of poison
Jewellery
 y - a +4 ring of protection (left claw)
Wands
 s - a wand of flame (16)
 x - a wand of light (10)
 E - a wand of paralysis (13)
Scrolls
 f - 4 scrolls of teleportation {unknown}
 g - a scroll of noise {unknown}
 h - a scroll of blinking {unknown}
 j - 4 scrolls of identify {unknown}
 l - a scroll of torment {unknown}
 t - 3 scrolls of enchant armour {unknown}
 u - a scroll of magic mapping {unknown}
 z - a scroll of enchant weapon {unknown}
 A - a scroll of fear {unknown}
Potions
 c - a potion of might
 d - 3 potions of curing
 e - a potion of resistance {unknown}
 i - a potion of flight {unknown}
 k - 3 potions of haste {unknown}
 m - 2 potions of mutation {unknown}
 n - a potion of berserk rage {unknown}
 r - 2 potions of cancellation {unknown}
 v - 5 potions of heal wounds {unknown}
 w - a potion of magic {unknown}


   Skills:
 + Level 8.0 Fighting
 - Level 2.6 Armour
 - Level 2.6 Shields
 - Level 10.0 Unarmed Combat
 - Level 3.0 Invocations


You had 8 spell levels left.
You didn't know any spells.
Your spell library contained the following spells:

 Spells                   Type           Power      Damage    Failure   Level
 Static Discharge         Conj/Air       0%         3-3/arc   100%        2
 Gell's Gravitas          Tloc           0%         N/A       100%        3
 Lesser Beckoning         Tloc           0%         N/A       100%        3
 Teleport Other           Tloc           0%         N/A       100%        3
 Dispel Undead            Necr           0%         3d6       100%        4
 Sticky Flame             Conj/Fire      0%         2d3       100%        4
 Irradiate                Conj/Tmut      0%         3d11      100%        5
 Eringya's Noxious Bog    Tmut/Pois      0%         N/A       100%        6
 Beastly Appendage        Tmut           Unusable   N/A       N/A         1
 Blade Hands              Tmut           Unusable   N/A       N/A         5

Dungeon Overview and Level Annotations

Branches:
Dungeon (7/15)             Temple (1/1) D:5

Altars:
Ashenzari
Cheibriados
Dithmenos
Fedhas
Gozag
Hepliaklqana
Kikubaaqudgha
Makhleb
Nemelex Xobeh
Okawaru
Qazlal
Ru
Sif Muna
Trog
Uskayaw
Vehumet
Xom
Yredelemnul


Innate Abilities, Weirdness & Mutations

You are immune to poison.
You have sharp fingernails.
Your flesh is cold resistant. (rC+)
You are immune to negative energy. (rN+++)
You do not regenerate when monsters are visible.
You are immune to unholy pain and torment.
You thrive by killing the living.


Message History

You see here the +4 flail "Ziexism" {protect, *Rage rElec rC++ rCorr}.
Something hits you.
You closely miss something. Something hits you. Something hits you.
You see here the +4 flail "Ziexism" {protect, *Rage rElec rC++ rCorr}.
Something hits you. Something hits you!
* * * LOW HITPOINT WARNING * * *
Something hits you.
* * * LOW HITPOINT WARNING * * *
You closely miss something. Something hits you but does no damage.
Something hits you but does no damage. Something hits you!
* * * LOW HITPOINT WARNING * * *
Something hits you but does no damage. Something hits you.
* * * LOW HITPOINT WARNING * * *
Something hits you but does no damage.
You miss something. Something hits you but does no damage. Something hits you.
* * * LOW HITPOINT WARNING * * *
You scratch something but do no damage. Something completely misses you.
You see here the +4 flail "Ziexism" {protect, *Rage rElec rC++ rCorr}.
Something hits you but does no damage. Something hits you!
* * * LOW HITPOINT WARNING * * *
Something hits you.
* * * LOW HITPOINT WARNING * * *
Something hits you but does no damage. Something hits you but does no damage.
Something hits you but does no damage. x2
Something hits you but does no damage. x2
Something hits you!
* * * LOW HITPOINT WARNING * * *
Something hits you but does no damage.
Things that are here:
a +0 spear; a gnoll skeleton
Okay, then.
Unknown command.
You feel better. Something hits you!
* * * LOW HITPOINT WARNING * * *
Something hits you!
You die...

#.# #..........
#.#####.......################
#.#...).........#......#......
....###.............##.........
..########............#.........#
.>....†.)...###.#..##............
..########.###..#..#####.........
#.## #.###.#'#.# ..##.... ...#
#.#...#@#.. ## ...
.#.#######....##)##.# ###
#..........#..#.#.#..
...........#.##...##.#
...........#.#.#.#.#
............##.....##
.........#..#.#.#.#)#
#..##....#.##.......#
...##......#.#.#.#.#.#


There were no monsters in sight!

Vanquished Creatures
  A troll (D:7)
  A slime creature (D:7)
  A steam dragon (D:6)
  An orc warrior (D:5)
  An ice beast (D:6)
  3 black bears
  An ogre (D:7)
  A phantom (D:6)
  3 wights (D:7)
  6 hounds
  2 jellies
  An iguana (D:5)
  3 orc wizards
  A gnoll (D:7)
  4 adders
  An ufetubus (D:7)
  A dart slug (D:5)
  16 orcs
  7 ball pythons
  5 bats
  7 endoplasms
  5 giant cockroaches
  6 goblins
  7 hobgoblins
  10 jackals
  6 kobolds
  6 quokkas
  2 frilled lizards
  6 rats (D:1)
115 creatures vanquished.

Vanquished Creatures (others)
  An orc (D:6)
  A withered plant (D:2)
2 creatures vanquished.

Grand Total: 117 creatures vanquished

Notes
Turn   | Place    | Note
-------+----------+-------------------------------------------
     0 | D:1      | cdecastro the Ghoul Fighter began the quest for the Orb.
     0 | D:1      | Reached XP level 1. HP: 19/19 MP: 0/0
   104 | D:1      | Reached XP level 2. HP: 26/26 MP: 1/1
   106 | D:1      | Reached skill level 3 in Unarmed Combat
   580 | D:1      | Reached XP level 3. HP: 31/31 MP: 2/2
   729 | D:2      | Reached skill level 4 in Unarmed Combat
  1481 | D:2      | Found a faded altar of an unknown god.
  1575 | D:2      | Reached XP level 4. HP: 37/38 MP: 3/3
  2426 | D:3      | Got the Guide on Sculpting
  2456 | D:3      | Reached skill level 5 in Unarmed Combat
  2940 | D:4      | Found an opulent altar of Gozag.
  2943 | D:4      | Noticed a kobold brigand
  3355 | D:4      | Reached XP level 5. HP: 32/45 MP: 4/4
  3601 | D:4      | Found a stormy altar of Qazlal.
  3624 | D:4      | Reached skill level 6 in Unarmed Combat
  3980 | D:5      | Entered Level 5 of the Dungeon
  4029 | D:5      | Found a staircase to the Ecumenical Temple.
  4051 | Temple   | Entered the Ecumenical Temple
  4150 | Temple   | Became a worshipper of Warmaster Okawaru
  4239 | D:5      | Noticed a black bear
  4282 | D:5      | Reached XP level 6. HP: 51/51 MP: 5/5
  4286 | D:5      | Reached skill level 7 in Unarmed Combat
  4427 | D:5      | Found a bloodstained altar of Trog.
  4430 | D:5      | Noticed an orc warrior
  4535 | D:6      | Noticed a steam dragon
  4668 | D:6      | Killed a steam dragon
  4668 | D:6      | Reached * piety under Okawaru
  4669 | D:6      | Reached skill level 8 in Unarmed Combat
  4669 | D:6      | Reached XP level 7. HP: 29/57 MP: 6/6
  5176 | D:6      | Reached skill level 9 in Unarmed Combat
  5413 | D:6      | Reached XP level 8. HP: 61/63 MP: 7/7
  5738 | D:6      | Reached skill level 10 in Unarmed Combat
  6253 | D:7      | Reached ** piety under Okawaru
  6254 | D:7      | Reached skill level 1 in Invocations
  6435 | D:7      | Reached skill level 5 in Fighting
  6584 | D:7      | Noticed a troll
  6612 | D:7      | Killed a troll
  6735 | D:7      | Noticed a slime creature
  6753 | D:7      | Killed a slime creature
  6754 | D:7      | Reached XP level 9. HP: 51/81 MP: 10/10
  6890 | D:7      | Identified the +4 flail "Ziexism" {protect, *Rage rElec
                  | rC++ rCorr}
  6919 | D:7      | HP: 3/81 [something (7)]
  6921 | D:7      | HP: 1/81 [something (9)]
  6922 | D:7      | Mangled by an unseen horror

Illustrated notes

Levels and vault maps discovered:
D:1:      dpeg_arrival_stonehenge_8_columns, layout_loops_ring
D:2:      layout_loops_corners, ebering_ecumenical_altar_petrified,
          guppyfry_early_orc_mine
D:3:      layout_basic
D:4:      layout_basic, mainiacjoe_overflow_six_doors_small,
          overflow_temple_1_default, st_stairs_13
D:5:      layout_cave_pools, kennysheep_little_box, minmay_temple_entry_trees
D:6:      layout_loops_corners
D:7:      minmay_the_grid_four_pointed_star [minmay_the_grid_triangle_9x9_empty,
          minmay_the_grid_triangle_9x9_zippers_horizontal,
          minmay_the_grid_triangle_9x9_sparse_checkered,
          minmay_the_grid_triangle_9x9_odd_lines,
          minmay_the_grid_prize_trominoes], layout_basic,
          minmay_misc_feat_columns, hellmonk_guarded_unrand_gong
Temple:   mainiacjoe_temple_coin_purse

Skill      XL: |  1  2  3  4  5  6  7  8 |
---------------+-------------------------+-----
Unarmed Combat | 3 4 5 6 8 9 10 | 10.0
Fighting       | 8 |  8.0
Invocations    | 3 |  3.0
Armour         | |  2.6
Shields        | |  2.6

Action                   |  1- 3 |  4- 6 |  7- 9 || total
-------------------------+-------+-------+-------++-------
Melee: Unarmed           |   146 |   131 |   107 ||   384
       Punch             |     5 |     4 |     9 ||    18
Invok: Heroism           |       |       |     1 ||     1
  Use: Potion            |       |       |     1 ||     1
Armor: Scale mail        |    56 |       |       ||    56
       Chain mail        |       |    72 |       ||    72
       Plate armour      |       |       |    65 ||    65
       Steam dragon scal |       |       |     3 ||     3
Dodge: Dodged            |    69 |    38 |    30 ||   137
